 Dungeon Crawl Stone Soup version 0.31-a0-222-gefeffbb62a (webtiles) character file.

Game seed: 17636573731827997777

294 qw the Shooter (level 6, 0/37 HPs)
             Began as a Gargoyle Hexslinger on July 5, 2023.
             Slain by a gnoll
             ... wielding a +0 spear of freezing
              (3 damage)
             ... on level 3 of the Dungeon.
             The game lasted 00:00:57 (2016 turns).

qw the Shooter (Gargoyle Hexslinger)                Turns: 2016, Time: 00:00:58

Health: 0/37       AC:  8    Str: 11    XL:     6   Next: 33%
Magic:  7/7        EV: 12    Int: 14    God:
Gold:   202        SH:  0    Dex: 14    Spells: 6/7 levels left

rFire   + . .        Y - +2 sling
rCold   + . .        (no shield)
rNeg    + . .        c - +2 robe {rC+}
rPois   inf          (no helmet)
rElec   +            (no cloak)
rCorr   .            (no gloves)
SInv    .            (no boots)
Will    .....        l - amulet of regeneration
Stlth   +            e - ring of protection from fire
HPRegen 1.06/turn    (no ring)
MPRegen 0.10/turn

%: no passive effects
@: no status effects
A: sickness immunity, AC +4, negative energy resistance 1, electricity
resistance, torment resistance 1, petrification resistance
a: no special abilities


You were on level 3 of the Dungeon.
You visited 1 branch of the dungeon, and saw 3 of its levels.

You collected 202 gold pieces.


Innate Abilities, Weirdness & Mutations

You are immune to sickness and miasma.
Your stone body is resilient. (AC +4)
You are immune to poison.
You resist negative energy. (rN+)
You are resistant to electric shocks. (rElec)
You are resistant to unholy torment.
You are immune to petrification.


   Skills:
 - Level 3.0 Fighting
 + Level 5.8 Ranged Weapons
 - Level 1.0 Armour
 - Level 1.5 Dodging
 - Level 1.0 Spellcasting
 - Level 2.6 Hexes


You had 6 spell levels left.
You knew the following spells:

 Your Spells              Type           Power      Damage    Failure   Level
a - Slow                  Hex            32%        N/A       9%          1

Your spell library contained the following spells:

 Spells                   Type           Power      Damage    Failure   Level
 Inner Flame              Hex/Fire       4%         N/A       41%         3
 Portal Projectile        Hex/Tloc       8%         N/A       41%         3
 Cause Fear               Hex            4%         N/A       65%         4

Inventory:

Hand Weapons
 Y - a +2 sling (weapon)
Armour
 c - a +2 robe of cold resistance (worn)
 h - a +0 cloak
Jewellery
 e - a ring of protection from fire (left hand)
 l - an amulet of regeneration (around neck)
Scrolls
 a - a scroll of enchant armour
Potions
 b - a potion of degeneration {unknown}
 d - a potion of brilliance {unknown}
 f - a potion of attraction {unknown}
 g - a potion of magic {unknown}
 i - a potion of heal wounds {unknown}

Dungeon Overview and Level Annotations

Branches:
Dungeon (3/15)

Altars:
Kikubaaqudgha

Annotations:
D:2 1 runed translucent door, Crazy Yiuf


Message History

The gnoll misses you. The gnoll closely misses you.
You shoot a sling bullet.
The sling bullet barely misses the gnoll.
The gnoll barely misses you. x2
You shoot a sling bullet. The sling bullet hits the gnoll!
The gnoll is severely wounded.
The gnoll barely misses you.
The gnoll drinks a potion.
The gnoll is healed!
You shoot a sling bullet.
The sling bullet closely misses the gnoll.
The gnoll hits you but does no damage. x2
You shoot a sling bullet. The sling bullet hits the gnoll.
The gnoll is severely wounded.
The gnoll closely misses you. The gnoll hits you with a +0 whip.
You shoot a sling bullet. The sling bullet hits the gnoll.
The gnoll is almost dead.
The gnoll barely misses you. The gnoll hits you with a +0 whip.
The gnoll closely misses you.
You shoot a sling bullet.
The sling bullet closely misses the gnoll.
The gnoll hits you from afar with a +0 spear of freezing.
The gnoll misses you. The gnoll closely misses you.
The gnoll hits you from afar with a +0 spear of freezing.
The gnoll hits you but does no damage. The gnoll hits you with a +0 flail.
You shoot a sling bullet.
The sling bullet closely misses the gnoll.
The gnoll hits you from afar with a +0 spear of freezing!
The gnoll freezes you. The gnoll completely misses you.
The gnoll hits you with a +0 whip.
You shoot a sling bullet.
The sling bullet closely misses the gnoll.
The gnoll barely misses you. The gnoll hits you but does no damage.
The gnoll hits you with a +0 whip!
You shoot a sling bullet. The sling bullet hits the gnoll!
You kill the gnoll!
The gnoll hits you with a +0 flail. The gnoll hits you but does no damage.
You shoot a sling bullet.
The sling bullet closely misses the gnoll.
The gnoll hits you with a +0 flail.
The gnoll hits you from afar with a +0 spear of freezing.
You die...

#........#......##.#
####.###.#..##..##.#
#.# #.#.<.......#
#.# #.#...#..####
#.# #..###...# #.#
#.. #...# #..
##.###.### ##.
#....#####
#......@)#
#....###g# #.#.## g#
#.#. .# # .. .. .#.
.. #.## ..# # ..#


You could see 2 gnolls.

Vanquished Creatures
  Sigmund (D:2)
  4 gnolls (D:3)
  3 adders (D:2)
  3 worms (D:2)
  2 dart slugs (D:2)
  4 endoplasms
  5 giant cockroaches
  A goblin (D:1)
  5 hobgoblins
  6 jackals (D:1)
  8 kobolds
  8 ball pythons
  3 bats
  4 frilled lizards
  5 rats
62 creatures vanquished.

Notes
Turn   | Place    | Note
-------+----------+-------------------------------------------
     0 | D:1      | qw the Gargoyle Hexslinger began the quest for the Orb.
     0 | D:1      | Reached XP level 1. HP: 12/12 MP: 2/2
     0 | D:1      | 0 ||| qw: Version: 0.3-a-46-gb1f654a
     0 | D:1      | 0 ||| qw: Game counter: 1071
     0 | D:1      | 0 ||| qw: Melee chars always use a shield: true
     0 | D:1      | 0 ||| qw: God list: Okawaru
     0 | D:1      | 0 ||| qw: Allow faded altars: false
     0 | D:1      | 0 ||| qw: Do Orc after clearing Dungeon:15 true
     0 | D:1      | 0 ||| qw: Do second Lair branch before Depths: true
     0 | D:1      | 0 ||| qw: Lair rune preference: random
     0 | D:1      | 0 ||| qw: Goals: Normal
     0 | D:1      | 0 ||| PLANNING D:1-11
   117 | D:1      | Reached XP level 2. HP: 16/16 MP: 3/3
   264 | D:1      | Reached skill level 3 in Ranged Weapons
   324 | D:1      | Reached XP level 3. HP: 21/21 MP: 4/4
   826 | D:1      | 826 ||| UPGRADING to +0 ring mail.
   836 | D:1      | 836 ||| DROPPING +0 robe.
   837 | D:1      | 837 ||| UPGRADING to amulet of regeneration.
   842 | D:1      | 842 ||| UPGRADING to ring of protection from fire.
   843 | D:1      | 843 ||| READING scroll labelled DIFUWI HUAHU.
   844 | D:1      | 844 ||| READING scroll labelled ECKAYNO OPPIRR.
   845 | D:1      | 845 ||| READING scroll labelled HUYKHA LUNIWN.
   846 | D:1      | 846 ||| READING scroll labelled JIGENU UTUHO.
   847 | D:1      | 847 ||| READING scroll labelled DYPUR VOIMUB.
   848 | D:1      | 848 ||| READING scroll labelled UCRODOLUBO.
   849 | D:1      | 849 ||| DROPPING scroll of poison.
   966 | D:2      | Noticed Sigmund
   972 | D:2      | 972 ||| FLEEEEING.
   973 | D:2      | 973 ||| FLEEEEING.
   974 | D:2      | 974 ||| FLEEEEING.
  1005 | D:2      | Killed Sigmund
  1006 | D:2      | Reached skill level 5 in Ranged Weapons
  1006 | D:2      | Reached XP level 4. HP: 26/26 MP: 5/5
  1006 | D:2      | Reached XP level 5. HP: 30/30 MP: 6/6
  1110 | D:2      | Reached skill level 1 in Armour
  1200 | D:2      | Reached XP level 6. HP: 35/35 MP: 7/7
  1492 | D:2      | Found a runed translucent door.
  1493 | D:2      | Noticed Crazy Yiuf
  1754 | D:2      | 1754 ||| UPGRADING to +2 robe of cold resistance.
  1764 | D:2      | 1764 ||| DROPPING +0 ring mail.
  1765 | D:2      | 1765 ||| READING scroll labelled KEEPTAT KUHALEABI.
  1860 | D:3      | Reached skill level 3 in Fighting
  1962 | D:3      | Found an ancient bone altar of Kikubaaqudgha.
  2014 | D:3      | HP: 7/37 [gnoll/+0 whip (7)]
  2016 | D:3      | HP: 3/37 [gnoll/+0 flail (4)]
  2016 | D:3      | Slain by a gnoll

Levels and vault maps discovered:
D:1:      saegor_arrival_simple_d, layout_basic
D:2:      layout_basic, roderic_lattice_a, uniq_sigmund, uniq_crazy_yiuf_cottage
D:3:      layout_loops_ring, kiku_gazebo_garden_becter

Skill      XL: |  1  2  3  4  5  6 |
---------------+-------------------+-----
Ranged Weapons | 3 5 |  5.8
Fighting       | 2 3 |  3.0
Armour         | 1 |  1.0
Dodging        | |  1.5
Spellcasting   | |  1.0
Hexes          | |  2.6

Action                     |  1- 3 |  4- 6 || total
---------------------------+-------+-------++-------
   Fire: Sling             |   143 |    99 ||   242
    Use: Scroll            |     6 |     1 ||     7
 Armour: Robe              |    22 |     9 ||    31
         Ring mail         |    19 |    13 ||    32
  Dodge: Dodged            |    77 |    37 ||   114

Table legend:
 A = Non-vault XP
 B = Vault XP
 C = Vault XP percentage of total XP
 D = Non-vault monster count
 E = Vault monster count
 F = Vault count percentage of total count
                 A         B        C        D         E       F
            +---------+---------+-------+---------+---------+-------
      Total |     197 |     223 |  53.1 |      61 |       1 |   1.6
            +---------+---------+-------+---------+---------+-------
        D:1 |      46 |       0 |   0.0 |      27 |       0 |   0.0
        D:2 |      84 |     223 |  72.6 |      23 |       1 |   4.2
        D:3 |      67 |       0 |   0.0 |      11 |       0 |   0.0
            +---------+---------+-------+---------+---------+-------
